Canucks vs Red Wings
Created - 9 janvier 2015 at 19:18
Goals
|
| Canucks |
0 |
1 |
1 |
2 |
| Red Wings |
2 |
0 |
2 |
4 |
|
Shots
|
| Canucks |
10 |
12 |
14 |
36 |
| Red Wings |
12 |
5 |
16 |
33 |
|
1st period
1. Red Wings , Sean Bergenheim 7 (Teemu Selanne, Shawn Horcoff) at 3:35
2. Red Wings , Richard Jackman 4 (Mike Brown) at 19:16
Penalties :
Matt Stajan (Van) for High sticking (Minor) at 4:02, Teemu Selanne (Det) for High sticking (Minor) at 8:30, Kim Johnsson (Van) for Interference (Minor) at 13:50, Martin Havlat (Det) for Tripping (Minor) at 16:33
2nd period
3. Canucks , Jaromir Jagr 20 (Peter Worrell) at 6:45
Penalties :
Martin Havlat (Det) for Roughing (Minor) at 2:53, Nikolai Zherdev (Van) for Roughing (Minor) at 14:49
3rd period
4. Red Wings , Brian Sutherby 5 (Paul Martin, Shea Weber) at 7:17 (PP)
5. Canucks , Steve Ott 6 (Ryan Craig, Alex Goligoski) at 13:33
6. Red Wings , Mike Richards 19 (Martin Havlat, Rick Nash) at 19:45 (Empty Net)
Penalties :
Ossi Vaananen (Det) for Interference (Minor) at 1:40, Peter Worrell (Van) for Charging (Minor) at 5:20, Mike Richards (Det) for Roughing (Minor) at 13:52, Jaromir Jagr (Van) for Interference (Minor) at 15:23
Goalie Stats
Carey Price (Van), 29 saves from 32 shots - (0,906), L, 22-16-3, 59:30 minutes
Jonathan Quick (Det), 34 saves from 36 shots - (0,944), W, 20-12-3, 60:00 minutes
Players Stats for Canucks
Player Name G A P +/- PIM S H SB GA TA FO MP PP MP PK MP
------------------------------------------------------------------------------------
Alex Goligoski 0 1 1 0 0 5 2 2 3 2 0/0 29:21 6:46 5:27
Alex Tanguay 0 0 0 -1 0 2 1 0 0 0 1/1 12:34 0:00 2:56
Andy Rogers 0 0 0 -1 0 2 0 0 0 0 0/0 9:54 0:00 0:00
Clarke MacArthur 0 0 0 0 0 3 1 0 0 0 0/1 15:02 3:49 0:49
David Jones 0 0 0 0 0 2 2 1 1 0 0/0 14:00 3:49 0:00
Jaromir Jagr 1 0 1 -1 2 6 1 0 2 2 3/6 24:52 5:37 3:32
Joe Sakic 0 0 0 0 0 1 2 0 0 0 2/14 17:22 3:49 3:47
Karl Alzner 0 0 0 -1 0 0 0 0 0 0 0/0 11:14 0:00 0:56
Kim Johnsson 0 0 0 0 2 0 3 0 0 0 0/0 19:29 2:41 3:02
Matt Stajan 0 0 0 -1 2 2 1 1 0 0 10/32 22:19 5:38 1:09
Maxim Lapierre 0 0 0 -1 0 1 2 1 1 1 2/6 10:10 0:00 0:16
Nikolai Zherdev 0 0 0 -1 2 1 0 0 0 0 0/0 8:59 0:00 0:00
Nils Ekman 0 0 0 1 0 2 0 1 0 0 0/0 5:34 0:00 0:00
Peter Worrell 0 1 1 -1 2 3 5 0 0 0 1/2 24:17 5:38 3:04
Ryan Craig 0 1 1 1 0 0 0 0 0 0 2/4 5:34 0:00 0:00
Sami Lepisto 0 0 0 0 0 0 0 1 1 0 0/0 20:45 2:41 3:58
Steve Montador 0 0 0 0 0 2 2 2 0 0 0/0 29:21 6:46 5:27
Steve Ott 1 0 1 1 0 4 0 1 0 0 1/1 9:15 0:00 3:17
Players Stats for Red Wings
Player Name G A P +/- PIM S H SB GA TA FO MP PP MP PK MP
------------------------------------------------------------------------------------
Brian Sutherby 1 0 1 0 0 4 0 1 0 0 4/8 10:51 0:32 0:52
Christian Backman 0 0 0 0 0 0 1 0 0 0 0/0 13:20 4:24 0:32
Greg Mauldin 0 0 0 0 0 0 0 1 1 0 2/2 4:19 0:00 0:00
Lee Stempniak 0 0 0 0 0 0 0 0 0 0 0/0 5:01 0:32 0:00
Martin Havlat 0 1 1 1 4 5 0 0 2 0 0/0 19:22 4:38 0:00
Maxim Kondratiev 0 0 0 1 0 0 0 2 0 1 0/0 18:06 0:00 4:18
Michal Grosek 0 0 0 0 0 0 1 0 0 0 0/0 6:04 1:09 0:40
Mike Brown 0 1 1 0 0 1 1 0 0 0 0/1 8:47 0:00 0:00
Mike Richards 1 0 1 1 2 4 2 1 0 1 26/34 23:20 5:15 4:07
Ossi Vaananen 0 0 0 0 2 1 1 1 0 1 0/0 11:50 0:00 3:11
Paul Martin 0 1 1 0 0 1 0 2 0 0 0/0 28:35 5:01 5:07
Richard Jackman 1 0 1 1 0 1 1 1 0 0 0/0 19:04 4:24 0:39
Rick Nash 0 1 1 1 0 5 1 1 1 0 1/2 25:01 4:38 5:31
Robert Dome 0 0 0 0 0 0 0 0 0 1 2/3 10:54 0:00 2:04
Sean Bergenheim 1 0 1 0 0 3 3 1 0 0 0/0 19:42 3:38 2:50
Shawn Horcoff 0 1 1 0 0 2 1 0 0 0 9/15 19:42 3:38 2:50
Shea Weber 0 1 1 0 0 3 7 2 1 3 0/0 29:05 5:01 5:07
Teemu Selanne 0 1 1 0 2 3 0 0 0 1 1/2 16:57 4:15 0:00
3 Stars
1 - Shea Weber (Det)
2 - Sean Bergenheim (Det)
3 - Richard Jackman (Det)
Power Play
Canucks - 0 on 5 Attempt(s) - 0,00%
Red Wings - 1 on 5 Attempt(s) - 20,00%
Penalty Kill
Canucks - 4 on 5 Attempt(s) - 80,00%
- Score 0 goal in Penalty Kill
Red Wings - 5 on 5 Attempt(s) - 100,00%
- Score 0 goal in Penalty Kill
Official
Referees : StPierre Justin and Ciamaga Chris
Linesman : Michel Cormier and Jonny Murray
Game Notes
18:46 of 1st period - Red Wings goal is going for a video replay. After video review, No Goal. The puck has been directed, batted or thrown into the net by an attacking player other than with a stick.
Mike Richards has scored in a empty net!
Finance
Level 1 -- Attendance: 5765 (96,08%) -- Ticket Income 432 375 $
Level 2 -- Attendance: 4768 (95,36%) -- Ticket Income 214 560 $
Level 3 -- Attendance: 1863 (93,15%) -- Ticket Income 46 575 $
Level 4 -- Attendance: 3846 (96,15%) -- Ticket Income 69 228 $
Luxury Box -- Attendance: 982 (98,20%) -- Ticket Income 147 300 $
Game was played at the Joe Louis Arena
Total Attendance: 17224 (95,69%)
Total Ticket Income: 910 038 $
Other Income: 136 506 $
Total Income: 1 046 544 $
Canucks
5 vs 5 Forward
Center Left Wing Right Wing Time % Phy DF OF
1 Matt Stajan Peter Worrell Jaromir Jagr 49 0 2 3
2 Joe Sakic Clarke MacArthur David Jones 30 0 2 3
3 Maxim Lapierre Alex Tanguay Nikolai Zherdev 20 0 2 3
4 Ryan Craig Steve Ott Nils Ekman 1 0 3 2
5 vs 5 Defense
Defense Defense Time % Phy DF OF
1 Alex Goligoski Steve Montador 40 1 2 2
2 Kim Johnsson Sami Lepisto 30 1 2 2
3 Andy Rogers Karl Alzner 20 1 2 2
4 Alex Goligoski Steve Montador 10 1 2 2
PowerPlay Forward
Center Left Wing Right Wing Time % Phy DF OF
1 Matt Stajan Peter Worrell Jaromir Jagr 60 1 2 2
2 Joe Sakic Clarke MacArthur David Jones 40 1 2 2
PowerPlay Defense
Defense Defense Time % Phy DF OF
1 Alex Goligoski Steve Montador 60 1 2 2
2 Kim Johnsson Sami Lepisto 40 1 2 2
Penalty Kill 4 Players Forward
Center Wing Time % Phy DF OF
1 Jaromir Jagr Peter Worrell 60 1 2 2
2 Matt Stajan Joe Sakic 40 1 2 2
Penalty Kill 4 Players Defense
Defense Defense Time % Phy DF OF
1 Alex Goligoski Steve Montador 60 1 2 2
2 Kim Johnsson Sami Lepisto 40 1 2 2
Penalty Kill - 3 Players Forward
Forward Time % Phy DF OF
1 Jaromir Jagr 60 1 2 2
2 Peter Worrell 40 1 2 2
Penalty Kill - 3 Players Defense
Defense Defense Time % Phy DF OF
1 Alex Goligoski Steve Montador 60 1 2 2
2 Kim Johnsson Sami Lepisto 40 1 2 2
4 vs 4 Forward
Center Wing Time % Phy DF OF
1 Jaromir Jagr Peter Worrell 60 1 2 2
2 Matt Stajan Joe Sakic 40 1 2 2
4 vs 4 Defense
Defense Defense Time % Phy DF OF
1 Alex Goligoski Steve Montador 60 1 2 2
2 Kim Johnsson Sami Lepisto 40 1 2 2
Last Minutes Offensive
Center Left Wing Right Wing Defense Defense
Matt Stajan Peter Worrell Jaromir Jagr Alex Goligoski Steve Montador
Last Minutes Defensive
Center Left Wing Right Wing Defense Defense
Matt Stajan Peter Worrell Jaromir Jagr Alex Goligoski Steve Montador
Goaltenders
Starting : Carey Price
Backup : José Theodore
Extra Forwards
Normal : Alex Tanguay, Maxim Lapierre, Steve Ott - PP : Alex Tanguay, Maxim Lapierre - PK : Steve Ott
Extra Defensemen
Normal : Andy Rogers, Karl Alzner, Kim Johnsson - PP : Andy Rogers - PK : Karl Alzner, Kim Johnsson
Penalty Shots
Jaromir Jagr, Peter Worrell, Matt Stajan, Joe Sakic, Clarke MacArthur
Red Wings
5 vs 5 Forward
Center Left Wing Right Wing Time % Phy DF OF
1 Mike Richards Rick Nash Martin Havlat 40 1 2 2
2 Shawn Horcoff Sean Bergenheim Teemu Selanne 30 1 2 2
3 Brian Sutherby Robert Dome Mike Brown 20 1 2 2
4 Greg Mauldin Michal Grosek Lee Stempniak 10 1 2 2
5 vs 5 Defense
Defense Defense Time % Phy DF OF
1 Shea Weber Paul Martin 40 1 2 2
2 Maxim Kondratiev Richard Jackman 30 1 2 2
3 Christian Backman Ossi Vaananen 20 1 2 2
4 Richard Jackman Shea Weber 10 1 2 2
PowerPlay Forward
Center Left Wing Right Wing Time % Phy DF OF
1 Mike Richards Rick Nash Martin Havlat 60 1 2 2
2 Shawn Horcoff Sean Bergenheim Teemu Selanne 40 1 2 2
PowerPlay Defense
Defense Defense Time % Phy DF OF
1 Shea Weber Paul Martin 60 1 2 2
2 Richard Jackman Christian Backman 40 1 2 2
Penalty Kill 4 Players Forward
Center Wing Time % Phy DF OF
1 Mike Richards Rick Nash 60 1 2 2
2 Shawn Horcoff Sean Bergenheim 40 1 2 2
Penalty Kill 4 Players Defense
Defense Defense Time % Phy DF OF
1 Shea Weber Paul Martin 60 1 2 2
2 Maxim Kondratiev Ossi Vaananen 40 1 2 2
Penalty Kill - 3 Players Forward
Forward Time % Phy DF OF
1 Mike Richards 60 1 2 2
2 Shawn Horcoff 40 1 2 2
Penalty Kill - 3 Players Defense
Defense Defense Time % Phy DF OF
1 Shea Weber Paul Martin 60 1 2 2
2 Maxim Kondratiev Ossi Vaananen 40 1 2 2
4 vs 4 Forward
Center Wing Time % Phy DF OF
1 Mike Richards Rick Nash 60 1 2 2
2 Shawn Horcoff Teemu Selanne 40 1 2 2
4 vs 4 Defense
Defense Defense Time % Phy DF OF
1 Shea Weber Paul Martin 60 1 2 2
2 Richard Jackman Christian Backman 40 1 2 2
Last Minutes Offensive
Center Left Wing Right Wing Defense Defense
Mike Richards Rick Nash Martin Havlat Shea Weber Paul Martin
Last Minutes Defensive
Center Left Wing Right Wing Defense Defense
Mike Richards Rick Nash Martin Havlat Shea Weber Paul Martin
Goaltenders
Starting : Jonathan Quick
Backup : Scott Clemmensen
Extra Forwards
Normal : Shawn Horcoff, Sean Bergenheim, Teemu Selanne - PP : Shawn Horcoff, Teemu Selanne - PK : Robert Dome
Extra Defensemen
Normal : Maxim Kondratiev, Christian Backman, Richard Jackman - PP : Maxim Kondratiev - PK : Ossi Vaananen, Richard Jackman
Penalty Shots
Martin Havlat, Rick Nash, Mike Richards, Sean Bergenheim, Shawn Horcoff
% Time on Ice - Canucks
Lines # - Real PCT - Wanted PCT - Time Play
Normal Forward
1 - 38% - 49% - 14:56
2 - 26% - 30% - 10:17
3 - 23% - 20% - 8:57
4 - 14% - 1% - 5:34
Normal Defense
1 - 40% - 40% - 15:45
2 - 34% - 30% - 13:28
3 - 25% - 20% - 9:54
4 - 2% - 10% - 0:37
PP Forward
1 - 60% - 60% - 5:38
2 - 40% - 40% - 3:49
PP Defense
1 - 72% - 60% - 6:46
2 - 28% - 40% - 2:41
PK Forward
1 - 79% - 60% - 7:27
2 - 21% - 40% - 1:58
PK Defense
1 - 58% - 60% - 5:27
2 - 42% - 40% - 3:58
PK3 Forward
1 - 0% - 60%
2 - 0% - 40%
PK3 Defense
1 - 0% - 60%
2 - 0% - 40%
44 Forward
1 - 100% - 60% - 0:28
2 - 0% - 40% - 0:00
44 Defense
1 - 0% - 60% - 0:00
2 - 100% - 40% - 0:28
Last Minute Offensive - 0:56
Last Minute Defensive - 0:00
Total
Forward - 60:00
Defense - 60:00
|
% Time on Ice - Red Wings
Lines # - Real PCT - Wanted PCT - Time Play
Normal Forward
1 - 35% - 40% - 13:53
2 - 32% - 30% - 12:52
3 - 22% - 20% - 8:47
4 - 11% - 10% - 4:11
Normal Defense
1 - 44% - 40% - 17:17
2 - 35% - 30% - 13:59
3 - 20% - 20% - 7:57
4 - 1% - 10% - 0:30
PP Forward
1 - 61% - 60% - 5:47
2 - 39% - 40% - 3:38
PP Defense
1 - 53% - 60% - 5:01
2 - 47% - 40% - 4:24
PK Forward
1 - 70% - 60% - 6:37
2 - 30% - 40% - 2:50
PK Defense
1 - 54% - 60% - 5:09
2 - 46% - 40% - 4:18
PK3 Forward
1 - 0% - 60%
2 - 0% - 40%
PK3 Defense
1 - 0% - 60%
2 - 0% - 40%
44 Forward
1 - 100% - 60% - 0:28
2 - 0% - 40% - 0:00
44 Defense
1 - 100% - 60% - 0:28
2 - 0% - 40% - 0:00
Last Minute Offensive - 0:00
Last Minute Defensive - 0:57
Total
Forward - 60:00
Defense - 60:00
|
Play by Play
1st period
0:01 of 1st period - Mike Richards wins face-off versus Matt Stajan in neutral zone.
0:27 of 1st period - Shawn Horcoff is hit by Maxim Lapierre and loses puck.
0:35 of 1st period - Backhand shot by Kim Johnsson.
0:35 of 1st period - Shot Misses the Net.
0:49 of 1st period - David Jones is hit by Mike Brown and loses puck.
1:09 of 1st period - Off-side.
1:10 of 1st period - Greg Mauldin wins face-off versus Ryan Craig in neutral zone.
1:35 of 1st period - Martin Havlat is hit by Peter Worrell and loses puck.
1:40 of 1st period - Snap shot by Jaromir Jagr.
1:40 of 1st period - Shot Misses the Net.
1:42 of 1st period - Slapshot by Alex Goligoski.
1:42 of 1st period - Shot Misses the Net.
1:44 of 1st period - Wrist shot by Matt Stajan.
1:44 of 1st period - Shot Blocked by Maxim Kondratiev.
1:46 of 1st period - Slapshot by Alex Goligoski.
1:46 of 1st period - Shot Blocked by Maxim Kondratiev.
2:08 of 1st period - Wrist shot by Nikolai Zherdev.
2:08 of 1st period - Stopped by Jonathan Quick without a rebound.
2:09 of 1st period - Teemu Selanne wins face-off versus Matt Stajan in Red Wings zone.
2:16 of 1st period - Wrist shot by Shawn Horcoff.
2:16 of 1st period - Stopped by Carey Price without a rebound.
2:17 of 1st period - Shawn Horcoff wins face-off versus Matt Stajan in Canucks zone.
2:42 of 1st period - Slapshot by Teemu Selanne.
2:42 of 1st period - Stopped by Carey Price without a rebound.
2:43 of 1st period - Brian Sutherby wins face-off versus Joe Sakic in Canucks zone.
2:46 of 1st period - Wrist shot by Robert Dome.
2:46 of 1st period - Shot Blocked by David Jones.
3:08 of 1st period - Alex Tanguay is hit by Mike Richards and loses puck.
3:17 of 1st period - Wrist shot by Martin Havlat.
3:17 of 1st period - Stopped by Carey Price with a rebound.
3:19 of 1st period - Snap shot by Rick Nash.
3:19 of 1st period - Deflect By Martin Havlat.
3:19 of 1st period - Shot Misses the Net.
3:19 of 1st period - Puck is out of play.
3:20 of 1st period - Shawn Horcoff wins face-off versus Matt Stajan in Canucks zone.
3:35 of 1st period - Slapshot by Sean Bergenheim.
3:35 of 1st period - Goal by Sean Bergenheim - Canucks : 0 - Red Wings : 1.
3:36 of 1st period - Mike Richards wins face-off versus Clarke MacArthur in neutral zone.
3:47 of 1st period - Snap shot by Rick Nash.
3:47 of 1st period - Stopped by Carey Price without a rebound.
3:48 of 1st period - Brian Sutherby wins face-off versus Matt Stajan in Canucks zone.
4:02 of 1st period - Minor Penalty to Matt Stajan for High sticking.
4:03 of 1st period - Rick Nash wins face-off versus Jaromir Jagr in Canucks zone.
4:36 of 1st period - Jaromir Jagr is hit by Sean Bergenheim.
6:02 of 1st period - Penalty to Matt Stajan is over, Matt Stajan is back on ice.
6:02 of 1st period - Snap shot by Maxim Lapierre.
6:02 of 1st period - Shot Misses the Net.
6:18 of 1st period - Slapshot by Alex Goligoski.
6:18 of 1st period - Shot Misses the Net.
6:20 of 1st period - Slapshot by Steve Montador.
6:20 of 1st period - Stopped by Jonathan Quick with a rebound.
6:56 of 1st period - Karl Alzner is hit by Shea Weber and loses puck.
8:08 of 1st period - Shawn Horcoff is hit by Peter Worrell and loses puck.
8:30 of 1st period - Minor Penalty to Teemu Selanne for High sticking.
8:31 of 1st period - Mike Richards wins face-off versus Matt Stajan in Red Wings zone.
8:37 of 1st period - Alex Goligoski is hit by Mike Richards and loses puck.
8:57 of 1st period - Icing by Jaromir Jagr.
8:58 of 1st period - Joe Sakic wins face-off versus Mike Richards in Canucks zone.
10:30 of 1st period - Penalty to Teemu Selanne is over, Teemu Selanne is back on ice.
10:32 of 1st period - Icing by Joe Sakic.
10:33 of 1st period - Shawn Horcoff wins face-off versus Joe Sakic in Canucks zone.
10:36 of 1st period - Snap shot by Sean Bergenheim.
10:36 of 1st period - Stopped by Carey Price without a rebound.
10:37 of 1st period - Matt Stajan wins face-off versus Shawn Horcoff in Canucks zone.
10:52 of 1st period - Snap shot by Jaromir Jagr.
10:52 of 1st period - Stopped by Jonathan Quick with a rebound.
11:01 of 1st period - Icing by Sean Bergenheim.
11:02 of 1st period - Mike Richards wins face-off versus Maxim Lapierre in Red Wings zone.
11:27 of 1st period - Slapshot by Sean Bergenheim.
11:27 of 1st period - Shot Misses the Net.
11:55 of 1st period - Slapshot by Alex Goligoski.
11:55 of 1st period - Stopped by Jonathan Quick with a rebound.
12:06 of 1st period - Icing by Alex Goligoski.
12:07 of 1st period - Greg Mauldin wins face-off versus Joe Sakic in Canucks zone.
12:18 of 1st period - Martin Havlat is hit by David Jones and loses puck.
12:34 of 1st period - Icing by Steve Montador.
12:35 of 1st period - Shawn Horcoff wins face-off versus Joe Sakic in Canucks zone.
13:06 of 1st period - Wrist shot by Mike Richards.
13:06 of 1st period - Stopped by Carey Price with a rebound.
13:08 of 1st period - Slapshot by Shea Weber.
13:08 of 1st period - Deflect By Mike Richards.
13:08 of 1st period - Shot Misses the Net.
13:08 of 1st period - Puck is out of play.
13:09 of 1st period - Mike Richards wins face-off versus Matt Stajan in Canucks zone.
13:10 of 1st period - Wrist shot by Rick Nash.
13:10 of 1st period - Stopped by Carey Price with a rebound.
13:44 of 1st period - Slapshot by Teemu Selanne.
13:44 of 1st period - Stopped by Carey Price with a rebound.
13:50 of 1st period - Minor Penalty to Kim Johnsson for Interference.
13:51 of 1st period - Mike Richards wins face-off versus Jaromir Jagr in Canucks zone.
14:18 of 1st period - Sami Lepisto is hit by Shea Weber and loses puck.
14:27 of 1st period - Teemu Selanne is hit by Peter Worrell and loses puck.
14:53 of 1st period - Wrist shot by Alex Tanguay.
14:53 of 1st period - Stopped by Jonathan Quick without a rebound.
14:54 of 1st period - Steve Ott wins face-off versus Shawn Horcoff in Red Wings zone.
15:47 of 1st period - Teemu Selanne is hit by Jaromir Jagr and loses puck.
15:50 of 1st period - Penalty to Kim Johnsson is over, Kim Johnsson is back on ice.
16:08 of 1st period - Snap shot by Maxim Lapierre.
16:08 of 1st period - Stopped by Jonathan Quick with a rebound.
16:10 of 1st period - Snap shot by Alex Tanguay.
16:10 of 1st period - Stopped by Jonathan Quick with a rebound.
16:17 of 1st period - Icing by Shea Weber.
16:18 of 1st period - Brian Sutherby wins face-off versus Joe Sakic in Red Wings zone.
16:27 of 1st period - Snap shot by Martin Havlat.
16:27 of 1st period - Stopped by Carey Price without a rebound.
16:28 of 1st period - Matt Stajan wins face-off versus Mike Richards in Canucks zone.
16:28 of 1st period - Matt Stajan is hit by Rick Nash.
16:33 of 1st period - Minor Penalty to Martin Havlat for Tripping.
16:34 of 1st period - Matt Stajan wins face-off versus Mike Richards in Red Wings zone.
16:38 of 1st period - Slapshot by Jaromir Jagr.
16:38 of 1st period - Stopped by Jonathan Quick with a rebound.
16:40 of 1st period - Snap shot by Jaromir Jagr.
16:40 of 1st period - Stopped by Jonathan Quick without a rebound.
16:41 of 1st period - Mike Richards wins face-off versus Matt Stajan in Red Wings zone.
16:50 of 1st period - Peter Worrell is hit by Shea Weber and loses puck.
17:16 of 1st period - Slapshot by Alex Goligoski.
17:16 of 1st period - Stopped by Jonathan Quick with a rebound.
18:33 of 1st period - Penalty to Martin Havlat is over, Martin Havlat is back on ice.
18:42 of 1st period - Snap shot by Mike Brown.
18:42 of 1st period - Shot Blocked by Maxim Lapierre.
18:44 of 1st period - Slapshot by Maxim Kondratiev.
18:44 of 1st period - Shot Blocked by Sami Lepisto.
18:46 of 1st period - Snap shot by Mike Brown.
18:46 of 1st period - Red Wings goal is going for a video replay.
18:46 of 1st period - The goal is refused. The puck has been directed, batted or thrown into the net by an attacking player other than with a stick..
18:47 of 1st period - Maxim Lapierre wins face-off versus Mike Brown in Canucks zone.
19:16 of 1st period - Slapshot by Richard Jackman.
19:16 of 1st period - Goal by Richard Jackman - Canucks : 0 - Red Wings : 2.
19:17 of 1st period - Mike Richards wins face-off versus Matt Stajan in neutral zone.
Goals for this period are 0 for Canucks vs 2 for Red Wings.
Shots for this period are 10 for Canucks vs 12 for Red Wings.
2nd period
0:01 of 2nd period - Mike Richards wins face-off versus Matt Stajan in neutral zone.
0:12 of 2nd period - Backhand shot by Matt Stajan.
0:12 of 2nd period - Stopped by Jonathan Quick without a rebound.
0:13 of 2nd period - Mike Richards wins face-off versus Matt Stajan in Red Wings zone.
0:13 of 2nd period - Mike Richards is hit by Peter Worrell.
1:04 of 2nd period - Slapshot by Alex Goligoski.
1:04 of 2nd period - Shot Misses the Net.
1:06 of 2nd period - Wrist shot by Joe Sakic.
1:06 of 2nd period - Stopped by Jonathan Quick with a rebound.
1:08 of 2nd period - Wrist shot by Steve Montador.
1:08 of 2nd period - Deflect By Clarke MacArthur.
1:08 of 2nd period - Stopped by Jonathan Quick without a rebound.
1:09 of 2nd period - Matt Stajan wins face-off versus Mike Richards in Red Wings zone.
1:20 of 2nd period - Kim Johnsson is hit by Shea Weber.
2:53 of 2nd period - Minor Penalty to Martin Havlat for Roughing.
2:54 of 2nd period - Mike Richards wins face-off versus Matt Stajan in Red Wings zone.
3:27 of 2nd period - Sean Bergenheim is hit by David Jones and loses puck.
4:53 of 2nd period - Penalty to Martin Havlat is over, Martin Havlat is back on ice.
5:17 of 2nd period - Kim Johnsson is hit by Richard Jackman and loses puck.
5:26 of 2nd period - Snap shot by Nikolai Zherdev.
5:26 of 2nd period - Shot Blocked by Brian Sutherby.
5:38 of 2nd period - Slapshot by Rick Nash.
5:38 of 2nd period - Shot Misses the Net.
5:40 of 2nd period - Snap shot by Brian Sutherby.
5:40 of 2nd period - Stopped by Carey Price without a rebound.
5:41 of 2nd period - Ryan Craig wins face-off versus Shawn Horcoff in Canucks zone.
6:15 of 2nd period - Slapshot by Sean Bergenheim.
6:15 of 2nd period - Stopped by Carey Price with a rebound.
6:31 of 2nd period - Snap shot by Nils Ekman.
6:31 of 2nd period - Shot Misses the Net.
6:33 of 2nd period - Snap shot by Karl Alzner.
6:33 of 2nd period - Deflect By Steve Ott.
6:33 of 2nd period - Stopped by Jonathan Quick with a rebound.
6:35 of 2nd period - Snap shot by Andy Rogers.
6:35 of 2nd period - Stopped by Jonathan Quick without a rebound.
6:36 of 2nd period - Peter Worrell wins face-off versus Brian Sutherby in Red Wings zone.
6:45 of 2nd period - Slapshot by Jaromir Jagr.
6:45 of 2nd period - Goal by Jaromir Jagr - Canucks : 1 - Red Wings : 2.
6:46 of 2nd period - Mike Richards wins face-off versus Matt Stajan in neutral zone.
7:13 of 2nd period - Sean Bergenheim is hit by Maxim Lapierre and loses puck.
7:36 of 2nd period - Slapshot by David Jones.
7:36 of 2nd period - Stopped by Jonathan Quick without a rebound.
7:37 of 2nd period - Joe Sakic wins face-off versus Mike Richards in Red Wings zone.
7:54 of 2nd period - Wrist shot by Martin Havlat.
7:54 of 2nd period - Shot Blocked by Alex Goligoski.
8:49 of 2nd period - Slapshot by Sami Lepisto.
8:49 of 2nd period - Shot Blocked by Paul Martin.
8:51 of 2nd period - Slapshot by Kim Johnsson.
8:51 of 2nd period - Shot Blocked by Greg Mauldin.
9:18 of 2nd period - Snap shot by David Jones.
9:18 of 2nd period - Deflect By Clarke MacArthur.
9:18 of 2nd period - Shot Misses the Net.
9:18 of 2nd period - Puck is out of play.
9:19 of 2nd period - Mike Richards wins face-off versus Matt Stajan in Red Wings zone.
9:32 of 2nd period - Slapshot by Matt Stajan.
9:32 of 2nd period - Shot Misses the Net.
9:34 of 2nd period - Wrist shot by Jaromir Jagr.
9:34 of 2nd period - Stopped by Jonathan Quick with a rebound.
10:27 of 2nd period - Wrist shot by Peter Worrell.
10:27 of 2nd period - Shot Misses the Net.
10:29 of 2nd period - Slapshot by Andy Rogers.
10:29 of 2nd period - Shot Blocked by Shea Weber.
10:31 of 2nd period - Slapshot by Andy Rogers.
10:31 of 2nd period - Stopped by Jonathan Quick without a rebound.
10:32 of 2nd period - Mike Richards wins face-off versus Matt Stajan in Red Wings zone.
10:37 of 2nd period - Matt Stajan is hit by Shea Weber and loses puck.
10:46 of 2nd period - Snap shot by Rick Nash.
10:46 of 2nd period - Stopped by Carey Price without a rebound.
10:47 of 2nd period - Shawn Horcoff wins face-off versus Matt Stajan in Canucks zone.
11:14 of 2nd period - Shea Weber is hit by Steve Montador and loses puck.
11:41 of 2nd period - Slapshot by Brian Sutherby.
11:41 of 2nd period - Stopped by Carey Price without a rebound.
11:42 of 2nd period - Matt Stajan wins face-off versus Teemu Selanne in Canucks zone.
12:19 of 2nd period - Wrist shot by Peter Worrell.
12:19 of 2nd period - Stopped by Jonathan Quick with a rebound.
12:21 of 2nd period - Snap shot by Peter Worrell.
12:21 of 2nd period - Stopped by Jonathan Quick with a rebound.
12:29 of 2nd period - Wrist shot by Matt Stajan.
12:29 of 2nd period - Shot Misses the Net.
12:41 of 2nd period - Teemu Selanne is hit by Kim Johnsson and loses puck.
12:50 of 2nd period - Snap shot by Peter Worrell.
12:50 of 2nd period - Shot Misses the Net.
12:52 of 2nd period - Snap shot by Sami Lepisto.
12:52 of 2nd period - Shot Misses the Net.
12:54 of 2nd period - Snap shot by Matt Stajan.
12:54 of 2nd period - Shot Blocked by Sean Bergenheim.
12:56 of 2nd period - Snap shot by Matt Stajan.
12:56 of 2nd period - Shot Misses the Net.
13:31 of 2nd period - Wrist shot by Jaromir Jagr.
13:31 of 2nd period - Shot Blocked by Richard Jackman.
13:33 of 2nd period - Snap shot by Peter Worrell.
13:33 of 2nd period - Stopped by Jonathan Quick without a rebound.
13:34 of 2nd period - Mike Richards wins face-off versus Joe Sakic in Red Wings zone.
13:48 of 2nd period - Snap shot by Joe Sakic.
13:48 of 2nd period - Shot Blocked by Paul Martin.
14:20 of 2nd period - Robert Dome is hit by Steve Montador and loses puck.
14:32 of 2nd period - Icing by Steve Montador.
14:33 of 2nd period - Mike Richards wins face-off versus Maxim Lapierre in Canucks zone.
14:49 of 2nd period - Minor Penalty to Nikolai Zherdev for Roughing.
14:50 of 2nd period - Jaromir Jagr wins face-off versus Mike Richards in Canucks zone.
14:50 of 2nd period - Jaromir Jagr is hit by Shea Weber.
16:26 of 2nd period - Steve Montador is hit by Shea Weber and loses puck.
16:33 of 2nd period - Lee Stempniak is hit by Joe Sakic and loses puck.
16:40 of 2nd period - Alex Tanguay is hit by Michal Grosek and loses puck.
16:49 of 2nd period - Penalty to Nikolai Zherdev is over, Nikolai Zherdev is back on ice.
17:59 of 2nd period - Alex Tanguay is hit by Ossi Vaananen and loses puck.
18:16 of 2nd period - Shea Weber is hit by Kim Johnsson and loses puck.
18:38 of 2nd period - Icing by Robert Dome.
18:39 of 2nd period - Matt Stajan wins face-off versus Brian Sutherby in Red Wings zone.
18:58 of 2nd period - Martin Havlat is hit by Alex Tanguay and loses puck.
19:27 of 2nd period - Slapshot by Paul Martin.
19:27 of 2nd period - Stopped by Carey Price without a rebound.
19:28 of 2nd period - Matt Stajan wins face-off versus Mike Richards in Canucks zone.
19:43 of 2nd period - Backhand shot by Alex Goligoski.
19:43 of 2nd period - Shot Misses the Net.
Goals for this period are 1 for Canucks vs 0 for Red Wings.
Shots for this period are 12 for Canucks vs 5 for Red Wings.
3rd period
0:01 of 3rd period - Jaromir Jagr wins face-off versus Rick Nash in neutral zone.
0:35 of 3rd period - Backhand shot by Clarke MacArthur.
0:35 of 3rd period - Deflect By David Jones.
0:35 of 3rd period - Stopped by Jonathan Quick with a rebound.
0:37 of 3rd period - Wrist shot by Clarke MacArthur.
0:37 of 3rd period - Stopped by Jonathan Quick without a rebound.
0:38 of 3rd period - Mike Richards wins face-off versus Matt Stajan in Red Wings zone.
1:03 of 3rd period - Clarke MacArthur is hit by Sean Bergenheim and loses puck.
1:40 of 3rd period - Minor Penalty to Ossi Vaananen for Interference.
1:41 of 3rd period - Mike Richards wins face-off versus Matt Stajan in Red Wings zone.
1:41 of 3rd period - Mike Richards is hit by Matt Stajan.
2:17 of 3rd period - Wrist shot by Clarke MacArthur.
2:17 of 3rd period - Shot Misses the Net.
3:13 of 3rd period - Alex Goligoski is hit by Christian Backman and loses puck.
3:19 of 3rd period - Icing by Clarke MacArthur.
3:20 of 3rd period - Shawn Horcoff wins face-off versus Joe Sakic in Canucks zone.
3:40 of 3rd period - Penalty to Ossi Vaananen is over, Ossi Vaananen is back on ice.
4:11 of 3rd period - Slapshot by Sami Lepisto.
4:11 of 3rd period - Shot Misses the Net.
4:13 of 3rd period - Slapshot by Nils Ekman.
4:13 of 3rd period - Stopped by Jonathan Quick without a rebound.
4:14 of 3rd period - Mike Richards wins face-off versus Ryan Craig in Red Wings zone.
4:25 of 3rd period - Snap shot by Steve Ott.
4:25 of 3rd period - Stopped by Jonathan Quick with a rebound.
4:29 of 3rd period - Snap shot by Steve Ott.
4:29 of 3rd period - Shot Blocked by Rick Nash.
4:37 of 3rd period - Slapshot by Steve Ott.
4:37 of 3rd period - Shot Blocked by Mike Richards.
4:39 of 3rd period - Snap shot by Alex Goligoski.
4:39 of 3rd period - Shot Blocked by Ossi Vaananen.
4:41 of 3rd period - Snap shot by Steve Ott.
4:41 of 3rd period - Stopped by Jonathan Quick with a rebound.
4:43 of 3rd period - Snap shot by Steve Montador.
4:43 of 3rd period - Stopped by Jonathan Quick with a rebound.
4:45 of 3rd period - Slapshot by Alex Goligoski.
4:45 of 3rd period - Deflect By Christian Backman.
4:45 of 3rd period - Stopped by Jonathan Quick without a rebound.
4:46 of 3rd period - Shawn Horcoff wins face-off versus Peter Worrell in Red Wings zone.
4:55 of 3rd period - Snap shot by Shawn Horcoff.
4:55 of 3rd period - Shot Misses the Net.
4:57 of 3rd period - Slapshot by Paul Martin.
4:57 of 3rd period - Shot Misses the Net.
4:59 of 3rd period - Wrist shot by Teemu Selanne.
4:59 of 3rd period - Shot Blocked by Steve Montador.
5:01 of 3rd period - Snap shot by Shea Weber.
5:01 of 3rd period - Stopped by Carey Price without a rebound.
5:02 of 3rd period - Mike Richards wins face-off versus Joe Sakic in Canucks zone.
5:03 of 3rd period - Wrist shot by Martin Havlat.
5:03 of 3rd period - Shot Misses the Net.
5:05 of 3rd period - Wrist shot by Martin Havlat.
5:05 of 3rd period - Deflect By Clarke MacArthur.
5:05 of 3rd period - Stopped by Carey Price with a rebound.
5:07 of 3rd period - Slapshot by Shea Weber.
5:07 of 3rd period - Stopped by Carey Price with a rebound.
5:15 of 3rd period - Snap shot by Mike Richards.
5:15 of 3rd period - Deflect By Alex Goligoski.
5:15 of 3rd period - Stopped by Carey Price with a rebound.
5:17 of 3rd period - Slapshot by Shea Weber.
5:17 of 3rd period - Deflect By Steve Montador.
5:17 of 3rd period - Stopped by Carey Price without a rebound.
5:18 of 3rd period - Matt Stajan wins face-off versus Shawn Horcoff in Canucks zone.
5:20 of 3rd period - Minor Penalty to Peter Worrell for Charging.
5:21 of 3rd period - Mike Richards wins face-off versus Jaromir Jagr in Canucks zone.
5:21 of 3rd period - Wrist shot by Martin Havlat.
5:21 of 3rd period - Stopped by Carey Price with a rebound.
5:23 of 3rd period - Wrist shot by Paul Martin.
5:23 of 3rd period - Shot Blocked by Steve Montador.
5:53 of 3rd period - Wrist shot by Teemu Selanne.
5:53 of 3rd period - Stopped by Carey Price with a rebound.
5:59 of 3rd period - Wrist shot by Sean Bergenheim.
5:59 of 3rd period - Shot Misses the Net.
7:17 of 3rd period - Wrist shot by Brian Sutherby.
7:17 of 3rd period - Goal by Brian Sutherby - Canucks : 1 - Red Wings : 3.
7:18 of 3rd period - Matt Stajan wins face-off versus Brian Sutherby in neutral zone.
7:43 of 3rd period - Martin Havlat is hit by Kim Johnsson and loses puck.
8:52 of 3rd period - Snap shot by Ossi Vaananen.
8:52 of 3rd period - Shot Blocked by Nils Ekman.
8:54 of 3rd period - Slapshot by Ossi Vaananen.
8:54 of 3rd period - Deflect By Ryan Craig.
8:54 of 3rd period - Stopped by Carey Price without a rebound.
8:55 of 3rd period - Mike Richards wins face-off versus Joe Sakic in Canucks zone.
8:58 of 3rd period - Slapshot by Martin Havlat.
8:58 of 3rd period - Stopped by Carey Price with a rebound.
9:14 of 3rd period - Rick Nash is hit by Clarke MacArthur and loses puck.
9:27 of 3rd period - Sami Lepisto is hit by Shawn Horcoff and loses puck.
10:19 of 3rd period - Slapshot by Steve Ott.
10:19 of 3rd period - Deflect By Nils Ekman.
10:19 of 3rd period - Stopped by Jonathan Quick without a rebound.
10:20 of 3rd period - Mike Richards wins face-off versus Matt Stajan in Red Wings zone.
10:29 of 3rd period - Snap shot by Matt Stajan.
10:29 of 3rd period - Stopped by Jonathan Quick without a rebound.
10:30 of 3rd period - Mike Richards wins face-off versus Matt Stajan in Red Wings zone.
10:30 of 3rd period - Mike Richards is hit by Alex Goligoski.
10:36 of 3rd period - Wrist shot by Mike Richards.
10:36 of 3rd period - Shot Blocked by Matt Stajan.
11:13 of 3rd period - Slapshot by Peter Worrell.
11:13 of 3rd period - Shot Blocked by Shea Weber.
11:21 of 3rd period - Snap shot by Martin Havlat.
11:21 of 3rd period - Deflect By Rick Nash.
11:21 of 3rd period - Stopped by Carey Price without a rebound.
11:22 of 3rd period - Shawn Horcoff wins face-off versus Joe Sakic in Canucks zone.
11:31 of 3rd period - Snap shot by Clarke MacArthur.
11:31 of 3rd period - Stopped by Jonathan Quick with a rebound.
11:33 of 3rd period - Slapshot by Alex Goligoski.
11:33 of 3rd period - Stopped by Jonathan Quick without a rebound.
11:34 of 3rd period - Shawn Horcoff wins face-off versus Joe Sakic in Red Wings zone.
11:34 of 3rd period - Teemu Selanne is hit by Joe Sakic and loses puck.
13:03 of 3rd period - Slapshot by Shawn Horcoff.
13:03 of 3rd period - Stopped by Carey Price without a rebound.
13:04 of 3rd period - Ryan Craig wins face-off versus Shawn Horcoff in Canucks zone.
13:04 of 3rd period - Ryan Craig is hit by Sean Bergenheim.
13:10 of 3rd period - Shea Weber is hit by Alex Goligoski and loses puck.
13:33 of 3rd period - Backhand shot by Steve Ott.
13:33 of 3rd period - Goal by Steve Ott - Canucks : 2 - Red Wings : 3.
13:34 of 3rd period - Jaromir Jagr wins face-off versus Mike Richards in neutral zone.
13:52 of 3rd period - Minor Penalty to Mike Richards for Roughing.
13:53 of 3rd period - Robert Dome wins face-off versus Matt Stajan in Red Wings zone.
14:01 of 3rd period - Slapshot by Alex Goligoski.
14:01 of 3rd period - Stopped by Jonathan Quick without a rebound.
14:02 of 3rd period - Matt Stajan wins face-off versus Robert Dome in Red Wings zone.
14:50 of 3rd period - Ossi Vaananen is hit by Peter Worrell and loses puck.
15:03 of 3rd period - Snap shot by Jaromir Jagr.
15:03 of 3rd period - Stopped by Jonathan Quick with a rebound.
15:23 of 3rd period - Minor Penalty to Jaromir Jagr for Interference.
15:24 of 3rd period - Alex Tanguay wins face-off versus Shawn Horcoff in Canucks zone.
15:37 of 3rd period - Snap shot by Shawn Horcoff.
15:37 of 3rd period - Shot Misses the Net.
15:52 of 3rd period - Penalty to Mike Richards is over, Mike Richards is back on ice.
16:14 of 3rd period - Slapshot by Teemu Selanne.
16:14 of 3rd period - Shot Blocked by Steve Ott.
16:26 of 3rd period - Wrist shot by Mike Richards.
16:26 of 3rd period - Shot Blocked by Alex Goligoski.
16:28 of 3rd period - Wrist shot by Mike Richards.
16:28 of 3rd period - Stopped by Carey Price without a rebound.
16:29 of 3rd period - Mike Richards wins face-off versus Joe Sakic in Canucks zone.
17:23 of 3rd period - Penalty to Jaromir Jagr is over, Jaromir Jagr is back on ice.
18:59 of 3rd period - Slapshot by Rick Nash.
18:59 of 3rd period - Stopped by Carey Price without a rebound.
19:00 of 3rd period - Bryan Murray call a timeout for Canucks.
19:00 of 3rd period - Mike Richards wins face-off versus Matt Stajan in Canucks zone.
19:15 of 3rd period - Canucks, Carey Price is pulled from the net.
19:45 of 3rd period - Wrist shot by Mike Richards.
19:45 of 3rd period - Goal by Mike Richards - Canucks : 2 - Red Wings : 4.
19:45 of 3rd period - Carey Price from Canucks was sent back in the game.
19:46 of 3rd period - Maxim Lapierre wins face-off versus Brian Sutherby in neutral zone.
19:48 of 3rd period - Off-side.
19:49 of 3rd period - Brian Sutherby wins face-off versus Maxim Lapierre in neutral zone.
19:54 of 3rd period - Snap shot by Brian Sutherby.
19:54 of 3rd period - Stopped by Carey Price without a rebound.
19:55 of 3rd period - Robert Dome wins face-off versus Maxim Lapierre in Canucks zone.
19:56 of 3rd period - Snap shot by Brian Sutherby.
19:56 of 3rd period - Shot Misses the Net.
Goals for this period are 1 for Canucks vs 2 for Red Wings.
Shots for this period are 14 for Canucks vs 16 for Red Wings.
Output by the SimonT Hockey Simulator (STHS) for François Prévost -- Original Page W3C XHTML 1.0 Valid